 Dungeon Crawl Stone Soup version 0.21.1-1-g345015fe64 (webtiles) character file.

13 Htamos the Magician (level 2, 0/17 HPs)
             Began as an Octopode Wizard on July 13, 2018.
             Slain by a bat (1 damage)
             ... on level 1 of the Dungeon.
             The game lasted 00:01:07 (465 turns).

Htamos the Magician (Octopode Wizard)                Turns: 465, Time: 00:01:08

Health: 0/17       AC:  1    Str:  6    XL:     2   Next: 37%
Magic:  6/6        EV: 13    Int: 20    God:
Gold:   14         SH:  0    Dex: 10    Spells: 7/8 levels left

rFire    . . .     SeeInvis .   h - +2 dagger (speed)
rCold    . . .     Gourm    .   (no shield)
rNeg     . . .     Faith    .   a - +0 hat
rPois    .         Spirit   .   (no amulet)
rElec    .         Reflect  .   (no ring)
rCorr    .         Harm     .   (no ring)
MR       .....                  (no ring)
Stlth    +++.......             (no ring)
HPRegen  0.05/turn              (no ring)
MPRegen  0.10/turn              (no ring)
                                (no ring)
                                (no ring)

@: no status effects
A: almost no armour, stealthy swim, amphibious, 8 rings, constrict 8, camouflage
1, gelatinous body 1
a: no special abilities


You were on level 1 of the Dungeon.
You were not hungry.

You visited 1 branch of the dungeon, and saw 1 of its levels.

You collected 14 gold pieces.

Inventory:

Hand Weapons
 h - a +2 dagger of speed (weapon)
Missiles
 d - 24 stones (quivered)
Armour
 a - a +0 hat (worn)
Jewellery
 e - a cursed -3 ring of protection {unknown}
Scrolls
 g - a scroll of immolation {unknown}
Potions
 f - a potion of curing {unknown}
Books
 b - a book of Minor Magic

   Spells                             Type                      Level
   a - Magic Dart                     Conjuration                  1
   b - Blink                          Translocation                2
   c - Call Imp                       Summoning                    2
   d - Slow                           Hexes                        2
   e - Conjure Flame                  Conjuration/Fire             3
   f - Mephitic Cloud                 Conjuration/Poison/Air       3
Comestibles
 c - 2 rations


   Skills:
 - Level 2.0 Dodging
 - Level 2.6 Stealth
 * Level 3.6 Spellcasting
 - Level 1.0 Conjurations
   Level 1.0 Summonings
   Level 1.0 Translocations


You had 7 spell levels left.
You knew the following spells:

 Your Spells              Type           Power        Failure   Level  Hunger
a - Magic Dart            Conj           #...         9%          1    None


Dungeon Overview and Level Annotations

Branches:
Dungeon (1/15)

Altars:


Innate Abilities, Weirdness & Mutations

You cannot wear most types of armour.
You are very stealthy in the water. (Stealth+)
You are amphibious.
You can wear up to eight rings at the same time.
You can use your tentacles to constrict eight enemies at once.
Your skin changes colour to match your surroundings (Stealth+).
Your rubbery body absorbs attacks. (AC +1, EV +1)


Message History

You are too injured to fight recklessly!
You are too injured to fight recklessly!
You are too injured to fight recklessly!
You are too injured to fight recklessly!
You are too injured to fight recklessly!
You are too injured to fight recklessly!
You are too injured to fight recklessly!
You barely miss the kobold.
The frilled lizard hisses angrily.
The ooze quivers.
Your grab misses the kobold. You hit the kobold. You grab the kobold.
The kobold is moderately wounded.
You constrict the kobold, but do no damage.
The kobold hits you with a short sword.
* * * LOW HITPOINT WARNING * * *
You release your grip on the kobold.
The bat hits you.
* * * LOW HITPOINT WARNING * * *
The kobold throws a stone.
The stone closely misses you. The bat hits you.
You die...

#....# .# #####....# .#
#...#....#########.# .
..#......'.......J.####..
#........######).........
..#......# #...........
#....###.# #....K......
..#..'.#.# #....l......
#....#+#+### #.†@b.......
..#.#......# #...........
#...#......# #(.....[....
..#.#......# #..........!
#...#......###.#.####....
..#........'.....# ....
...........###.### ...
..###......'...#
.####......###.# ## ###


You could see an ooze, a bat, a kobold and a frilled lizard.

Vanquished Creatures
  An ooze (D:1)
  A bat (D:1)
  A giant cockroach (D:1)
  A goblin (D:1)
  2 jackals (D:1)
  2 rats (D:1)
8 creatures vanquished.

Notes
Turn   | Place    | Note
-------+----------+-------------------------------------------
     0 | D:1      | Htamos the Octopode Wizard began the quest for the Orb.
     0 | D:1      | Reached XP level 1. HP: 11/11 MP: 4/4
   187 | D:1      | Reached XP level 2. HP: 17/17 MP: 0/6
   465 | D:1      | Slain by a bat

Action                   || total
-------------------------++-------
Melee: Unarmed           ||     5
       Constrict         ||     4
       Dagger            ||    10
       Tentacles         ||     1
 Cast: Magic Dart        ||    15
Armor: Skin              ||     1
Dodge: Dodged            ||    10
